 Dungeon Crawl Stone Soup version 0.29.0-5-ge4962eb29e (webtiles) character file.

Game seed: 15788631983828109532

866 Godmorgon the Chopper (level 7, -10/60 HPs)
             Began as a Palentonga Fighter on Aug 28, 2022.
             Killed from afar by a white imp (11 damage)
             ... with a puff of frost
             ... on level 5 of the Dungeon.
             The game lasted 00:09:05 (3806 turns).

Godmorgon the Chopper (Palentonga Fighter)          Turns: 3806, Time: 00:09:06

Health: -10/60     AC: 16    Str: 23    XL:     7   Next: 72%
Magic:  7/7        EV:  6    Int:  8    God:
Gold:   211        SH:  7    Dex: 10    Spells: 6/6 levels left

rFire   . . .      SeeInvis +   a - +0 war axe
rCold   . . .      Faith    .   n - +0 kite shield {AC+3}
rNeg    . . .      Spirit   .   b - +0 scale mail
rPois   .          Reflect  .   (no helmet)
rElec   .          Harm     .   (no cloak)
rCorr   .          Rampage  .   (no gloves)
Will    .....                   (no barding)
Stlth   ..........              (no amulet)
HPRegen 0.20/turn               (no ring)
MPRegen 0.10/turn               (no ring)

@: curled up
A: large, rugged brown scales 3, see invisible, deformed body, roll 1, armoured
tail, reflexive curl
a: Rolling Charge


You were on level 5 of the Dungeon.
You visited 1 branch of the dungeon, and saw 5 of its levels.

You collected 211 gold pieces.

Inventory:

Hand Weapons
 a - a +0 war axe (weapon)
Missiles
 q - 2 boomerangs
Armour
 b - a +0 scale mail (worn)
 n - a +0 kite shield of protection (worn)
Wands
 o - a wand of mindburst (10)
 p - a wand of flame (25)
Scrolls
 c - a scroll of immolation {unknown}
 d - a scroll of brand weapon {unknown}
 e - a scroll of fog {unknown}
 h - 3 scrolls of teleportation
 j - a scroll of blinking {unknown}
 r - a scroll of vulnerability {unknown}
 s - a scroll of magic mapping {unknown}
Potions
 f - 3 potions of cancellation
 g - 2 potions of degeneration {unknown}
 i - 4 potions of flight
 k - 2 potions of haste
 l - a potion of curing {unknown}
 m - 4 potions of ambrosia


   Skills:
 + Level 5.8 Fighting
 * Level 7.4 Axes
 - Level 2.4 Armour
 - Level 2.6 Shields


You had 6 spell levels left.
You didn't know any spells.
Your spell library was empty.

Dungeon Overview and Level Annotations

Branches:
Dungeon (5/15)
 Temple: D:4-7

Altars:
The Shining One

Annotations:
D:5 Edmund


Innate Abilities, Weirdness & Mutations

You are completely covered in rugged brown scales. (AC +3, +7% HP)
You have supernaturally acute eyesight. (SInv)
Armour fits poorly on your strangely shaped body.
You can roll at nearby foes to attack.
You have a long armoured tail.
You curl defensively after being hit. (AC +7*)


Message History

You kill the jackal!
You closely miss the white imp. Edmund barely misses you.
The white imp barely misses you.
You hit Edmund.
Edmund is heavily wounded.
You slash the white imp!
Edmund hits you with a +2 dire flail of protection!
The white imp hits you but does no damage.
You hit Edmund.
Edmund is heavily wounded.
You hit the white imp but do no damage. You block Edmund's attack.
The white imp hits you but does no damage.
You hit Edmund but do no damage. You tail-slap Edmund.
Edmund is severely wounded.
You closely miss the white imp.
Edmund hits you with a +2 dire flail of protection!
The white imp hits you but does no damage.
Edmund hits you with a +2 dire flail of protection.
The white imp hits you. The white imp freezes you.
* * * LOW HITPOINT WARNING * * *
You closely miss Edmund.
Edmund is severely wounded.
You hit the white imp.
Edmund hits you with a +2 dire flail of protection.
* * * LOW HITPOINT WARNING * * *
The white imp hits you but does no damage.
You hit Edmund.
Edmund is severely wounded.
You hit the white imp but do no damage.
Edmund hits you with a +2 dire flail of protection.
* * * LOW HITPOINT WARNING * * *
The white imp hits you but does no damage.
You hit Edmund.
Your tail-slap misses Edmund.
Edmund is almost dead.
You hit the white imp but do no damage.
Edmund hits you with a +2 dire flail of protection.
* * * LOW HITPOINT WARNING * * *
The white imp gestures at you. The puff of frost hits you!
You die...

.....#............!.
.....#..............
.....##.....#...>... .
..........@##...#........
..........## #.## ......
#.......## .# #....
.#.......# .. #....
....#..†#### #######...#
#.#....5@..####≈≈≈≈≈#...#
#....@#..#.##§#.#§#....
....##.##.....'.._.≈#....
.... #####....#≈#.#≈#....
... #..#....#≈≈≈§≈#....
## ........#######....
#.................##
##..............###
##.......##.#.##


You could see Edmund (resistant) and a white imp.

Vanquished Creatures
  Sigmund (D:4)
  A black bear (D:5)
  2 phantoms
  A bullfrog (D:5)
  A scorpion (D:5)
  A howler monkey (D:4)
  An orc priest (D:4)
  3 hounds
  5 gnolls
  3 adders
  An ufetubus (D:5)
  A worm (D:4)
  A dart slug (D:4)
  5 orcs
  6 endoplasms
  2 giant cockroaches (D:4)
  9 goblins
  5 hobgoblins
  16 jackals
  5 quokkas
  9 ball pythons
  6 bats
  2 frilled lizards
  3 kobolds
  4 rats
94 creatures vanquished.

Notes
Turn   | Place    | Note
-------+----------+-------------------------------------------
     0 | D:1      | Godmorgon the Palentonga Fighter began the quest for the
                  | Orb.
     0 | D:1      | Reached XP level 1. HP: 19/19 MP: 1/1
   122 | D:1      | Reached XP level 2. HP: 16/25 MP: 2/2
   439 | D:1      | Reached skill level 3 in Axes
   650 | D:1      | Reached XP level 3. HP: 31/31 MP: 3/3
   670 | D:1      | Found a faded altar of an unknown god.
  1628 | D:3      | Reached XP level 4. HP: 35/39 MP: 4/4
  1932 | D:3      | Reached skill level 4 in Axes
  2273 | D:4      | Noticed a phantom
  2282 | D:4      | Killed a phantom
  2283 | D:4      | Reached XP level 5. HP: 28/44 MP: 5/5
  2529 | D:4      | Reached skill level 5 in Axes
  2968 | D:4      | Reached XP level 6. HP: 52/52 MP: 6/6
  3158 | D:4      | Noticed Sigmund
  3168 | D:4      | Killed Sigmund
  3169 | D:4      | Reached skill level 5 in Fighting
  3169 | D:4      | Reached skill level 6 in Axes
  3410 | D:5      | Entered Level 5 of the Dungeon
  3444 | D:5      | Gained mutation: You curl defensively after being hit. (AC
                  | +7*) [Palentonga growth]
  3444 | D:5      | Reached XP level 7. HP: 51/59 MP: 7/7
  3558 | D:5      | Reached skill level 7 in Axes
  3728 | D:5      | Found a glowing golden altar of the Shining One.
  3780 | D:5      | Noticed Edmund
  3806 | D:5      | HP: 1/60 [Edmund/+2 dire flail of protection (5)]
  3806 | D:5      | Killed from afar by a white imp

Illustrated notes

Levels and vault maps discovered:
D:1:      minmay_arrival_checkered_box, layout_basic,
          shapermc_ecumenical_altar_mp_urbaneastern
D:2:      layout_basic, minmay_misc_feat_rows
D:3:      layout_basic, amcnicky_mini_corridor_feature, minivault_11
D:4:      layout_basic, hangedman_decor_lopped, uniq_sigmund
D:5:      layout_cave_pools, led_sif_pool, lemuel_round_altar,
          kennysheep_little_box, minmay_temple_entry_from_below_b, uniq_edmund

Skill      XL: |  1  2  3  4  5  6  7 |
---------------+----------------------+-----
Axes           | 3 4 5 6 7 |  7.4
Fighting       | 4 5 |  5.8
Armour         | |  2.4
Shields        | |  2.6

Action                   |  1- 3 |  4- 6 |  7- 9 || total
-------------------------+-------+-------+-------++-------
Melee: War axe           |    88 |   112 |    46 ||   246
       Tailslap          |     8 |    13 |     8 ||    29
 Abil: Rolling Charge    |    29 |    28 |     5 ||    62
Evoke: Wand              |       |     2 |       ||     2
  Use: Scroll            |       |     6 |       ||     6
       Potion            |       |     1 |       ||     1
 Stab: Sleeping          |     1 |       |       ||     1
Armor: Scale mail        |    39 |    53 |    38 ||   130
Dodge: Dodged            |    36 |    21 |    17 ||    74
Block: Buckler           |    13 |       |       ||    13
       Kite shield       |     4 |    36 |    18 ||    58
